 Dungeon Crawl Stone Soup version 0.29-a0-284-gf9362112df (webtiles) character file.

Game seed: 17212422192087222809

127 sammy202020 the Skirmisher (level 4, -1/37 HPs)
             Began as a Demonspawn Berserker on Mar 31, 2022.
             Was a Follower of Trog.
             Slain by an orc wizard
             ... wielding a +2 dagger of holy wrath
              (3 damage)
             ... on level 3 of the Dungeon.
             The game lasted 00:03:41 (2541 turns).

sammy202020 the Skirmisher (Demonspawn Berserker)   Turns: 2541, Time: 00:03:43

Health: -1/37      AC: 15    Str: 20    XL:     4   Next: 85%
Magic:  4/4        EV:  8    Int:  8    God:    Trog [*.....]
Gold:   104        SH:  0    Dex: 12    Spells: 3/3 levels left

rFire   . . .      SeeInvis .   a - +0 hand axe
rCold   . . .      Faith    .   (no shield)
rNeg    + . .      Spirit   .   n - +2 chain mail {rN+}
rPois   .          Reflect  .   (no helmet)
rElec   .          Harm     .   k - +0 cloak
rCorr   .          Rampage  .   (no gloves)
Will    ++...                   d - +0 pair of boots
Stlth   ..........              (no amulet)
HPRegen 1.12/turn               (no ring)
MPRegen 0.09/turn               (no ring)

@: strong-willed, regenerating
A: icy blue scales 1
a: Renounce Religion, Berserk


You were on level 3 of the Dungeon.
You worshipped Trog.
Trog was aware of your devotion.
You visited 1 branch of the dungeon, and saw 3 of its levels.

You collected 104 gold pieces.

Inventory:

Hand Weapons
 a - a +0 hand axe (weapon)
 e - a +0 hunting sling
 g - a +0 mace
Missiles
 o - 4 boomerangs (quivered)
 p - 4 poisoned darts
Armour
 d - a +0 pair of boots (worn)
 k - a +0 cloak (worn)
 n - a +2 chain mail of positive energy (worn)
Wands
 j - a wand of polymorph (9)
 m - a wand of digging (3)
Potions
 b - 4 potions of heal wounds
 c - 2 potions of cancellation {unknown}
 f - a potion of attraction
 h - a potion of mutation {unknown}
 i - a potion of curing {unknown}


   Skills:
 * Level 3.8 Fighting
 * Level 3.5 Axes
 * Level 2.8 Armour
 + Level 2.3 Dodging
 + Level 0.4 Evocations


You had 3 spell levels left.
You didn't know any spells.
Your spell library was empty.

Dungeon Overview and Level Annotations

Branches:
Dungeon (3/15)

Altars:


Innate Abilities, Weirdness & Mutations

You are partially covered in icy blue scales. (AC +2)


Message History

You closely miss the orc wizard.
The orc wizard hits you but does no damage.
The orc priest invokes the aid of Beogh against you.
You are unaffected.
You barely miss the orc wizard.
The orc priest calls down the wrath of Beogh upon you.
Pain shoots through your body!
The orc wizard hits you but does no damage.
You hit the orc wizard but do no damage.
The orc wizard hits you with a +2 dagger of holy wrath.
You convulse.
You hit the orc wizard but do no damage.
You barely miss the orc priest.
The orc priest hits you with a +0 war axe!
The orc wizard hits you with a +2 dagger of holy wrath.
You convulse.
You are too injured to fight recklessly!
You are too injured to fight recklessly!
You are too injured to fight recklessly!
You are too injured to fight recklessly!
You are too injured to fight recklessly!
You are too injured to fight recklessly!
You are too injured to fight recklessly!
You are too injured to fight recklessly!
You are too injured to fight recklessly!
You are too injured to fight recklessly!
You are too injured to fight recklessly!
You are too injured to fight recklessly!
You are too injured to fight recklessly!
You are too injured to fight recklessly!
You are too injured to fight recklessly!
Unknown command.
Your skin crawls.
You feel strong-willed.
You can no longer call upon Trog for regeneration and willpower.
The orc priest invokes the aid of Beogh against you.
Beogh smites you!
* * * LOW HITPOINT WARNING * * *
The orc wizard hits you with a +2 dagger of holy wrath.
You die...

.. .#####.#. ..
... ....... ...
....#.....#...
..#.....#.#
.........
#...l.###.#
#..oo......
#..@.####
#).†.†..#.#
#......#.......#
#....#.#<.†....#
#.## #.#.......#
# #.#.......#
#.##........ #.
+.§.8§§.. ##
#.≈§..≈§.


You could see an orc priest, an orc wizard and a frilled lizard.

Vanquished Creatures
  Crazy Yiuf (D:2)
  Terence (D:2)
  3 adders (D:2)
  2 worms (D:2)
  A dart slug (D:1)
  An orc (D:3)
  5 ball pythons
  2 endoplasms (D:1)
  A giant cockroach (D:1)
  2 goblins (D:2)
  6 hobgoblins
  4 jackals (D:1)
  3 quokkas
  4 bats
  A frilled lizard (D:1)
  3 kobolds
  3 rats
43 creatures vanquished.

Vanquished Creatures (others)
  4 plants (D:1)
4 creatures vanquished.

Grand Total: 47 creatures vanquished

Notes
Turn   | Place    | Note
-------+----------+-------------------------------------------
     0 | D:1      | sammy202020 the Demonspawn Berserker began the quest for
                  | the Orb.
     0 | D:1      | Reached XP level 1. HP: 18/18 MP: 1/1
   262 | D:1      | Gained mutation: You are partially covered in icy blue
                  | scales. (AC +2) [demonic ancestry]
   262 | D:1      | Reached XP level 2. HP: 24/24 MP: 2/2
  1376 | D:2      | Reached XP level 3. HP: 25/29 MP: 3/3
  1522 | D:2      | Noticed Terence
  1544 | D:2      | Killed Terence
  1545 | D:2      | Reached XP level 4. HP: 35/35 MP: 4/4
  1763 | D:2      | Found a faded altar of an unknown god.
  1912 | D:2      | Found a runed translucent door.
  1913 | D:2      | Noticed Crazy Yiuf
  2337 | D:2      | HP: 1/37 [Crazy Yiuf/+2 quarterstaff of chaos (1)]
  2339 | D:2      | Killed Crazy Yiuf
  2531 | D:3      | Reached ** piety under Trog
  2541 | D:3      | Slain by an orc wizard

Illustrated notes

Levels and vault maps discovered:
D:1:      minmay_arrival_stone_box, layout_basic, serial_forest,
          infiniplex_forest_straight_4, infiniplex_forest_clump_medium,
          infiniplex_forest_straight_3, infiniplex_forest_straight_2,
          infiniplex_forest_clump_tiny, infiniplex_forest_corner_1,
          infiniplex_forest_clump_curved, infiniplex_forest_clump_curved,
          infiniplex_forest_join
D:2:      layout_loops_cross, hellmonk_ecumenical_altar_arch_garden,
          uniq_crazy_yiuf_cottage, uniq_terence
D:3:      layout_basic, amcnicky_altar_gilded, mainiacjoe_overflow_catwalk

Skill      XL: |  1  2 |
---------------+-------+-----
Armour         | 2 |  2.8
Axes           | 3 |  3.5
Dodging        | 2 |  2.3
Fighting       | |  3.8
Evocations     | |  0.4

Action                   |  1- 3 |  4- 6 || total
-------------------------+-------+-------++-------
Melee: Hand axe          |    98 |    78 ||   176
       Falchion          |    15 |       ||    15
       Punch             |       |     2 ||     2
Invok: Berserk           |     1 |       ||     1
       Trog's Hand       |       |     1 ||     1
  Use: Scroll            |       |     3 ||     3
       Potion            |       |     1 ||     1
 Stab: Sleeping          |     1 |       ||     1
Armor: Scale mail        |    48 |     6 ||    54
       Animal skin       |     2 |       ||     2
       Chain mail        |       |    41 ||    41
Dodge: Dodged            |    64 |    27 ||    91

Table legend: (Time is in decaauts)
 A = Elapsed time spent in this place.
 B = Non-inter-level travel time spent in this place.
 C = Inter-level travel time spent in this place.
 D = Time resting spent in this place.
 E = Time spent auto-exploring this place.
 F = Levels seen in this place.
 G = Mean time per level.
                   A        B        C        D        E       F      G
               +--------+--------+--------+--------+--------+-----+--------+
         Total |   2564 |   2493 |     71 |      0 |   1951 |   3 |  854.7 |
       Dungeon |   2564 |   2493 |     71 |      0 |   1951 |   3 |  854.7 |
               +--------+--------+--------+--------+--------+-----+--------+

Top non-repeatable levels by time:
     D:1: 1343 daAuts
     D:2: 1168 daAuts
     D:3: 52 daAuts
